 Dungeon Crawl Stone Soup version 0.30.0-29-ga12c61a403 (webtiles) character file.

Game seed: 9791394829382469552

6 Survivorfifteen the Trooper (level 1, 0/19 HPs)
             Began as a Draconian Wanderer on June 4, 2023.
             Slain by a jackal (1 damage)
             ... on level 1 of the Dungeon.
             The game lasted 00:01:12 (117 turns).

Survivorfifteen the Trooper (Draconian Wanderer)     Turns: 117, Time: 00:01:12

Health: 0/19       AC:  4    Str: 17    XL:     1   Next: 75%
Magic:  2/2        EV: 11    Int: 12    God:
Gold:   9          SH:  0    Dex:  7    Spells: 1/2 levels left

rFire   . . .        a - +0 club
rCold   . . .        (no shield)
rNeg    . . .        (body armour unavailable)
rPois   .            (helmet restricted)
rElec   .            (no cloak)
rCorr   .            (no gloves)
SInv    .            (no boots)
Will    .....        (no amulet)
Stlth   +            (no ring)
HPRegen 0.23/turn    (no ring)
MPRegen 0.08/turn

%: no passive effects
@: no status effects
A: AC +4, unfitting armour, cold-blooded
a: no special abilities


You were on level 1 of the Dungeon.
You visited 1 branch of the dungeon, and saw 1 of its levels.

You collected 9 gold pieces.

Inventory:

Hand Weapons
 a - a +0 club (weapon)
Scrolls
 b - a scroll of summoning
 c - a scroll of teleportation
 d - a scroll of immolation {unknown}


   Skills:
 + Level 3.3 Fighting
 + Level 1.1 Spellcasting
 + Level 3.0 Air Magic
 + Level 2.1 Earth Magic
 + Level 1.1 Evocations


You had one spell level left.
You knew the following spells:

 Your Spells              Type           Power      Damage    Failure   Level
a - Sandblast             Erth           10%        2d5       13%         1

Your spell library contained the following spells:

 Spells                   Type           Power      Damage    Failure   Level
 Shock                    Conj/Air       16%        1d4       16%         1
 Poisonous Vapours        Pois/Air       8%         N/A       24%         2
 Vhi's Electric Charge    Tloc/Air       8%         N/A       43%         3
 Stone Arrow              Conj/Erth      6%         3d7       50%         3


Dungeon Overview and Level Annotations

Branches:
Dungeon (1/15)

Altars:


Innate Abilities, Weirdness & Mutations

Your plain brown scales are hard. (AC +4)
You cannot fit into any form of body armour.
You are cold-blooded and may be slowed by cold attacks.


Message History

The jackal bites you but does no damage.
You hit the jackal.
The jackal is almost dead.
The jackal closely misses you. The jackal barely misses you.
The jackal misses you.
You hit the jackal.
You kill the jackal!
The jackal closely misses you. The jackal barely misses you.
You closely miss the jackal. The jackal closely misses you.
The jackal bites you.
You hit the jackal.
The jackal is almost dead.
The jackal misses you. The jackal bites you. The jackal misses you.
You closely miss the jackal.
Your tail-slap misses the jackal.
The jackal is almost dead.
The jackal barely misses you.
The jackal bites you but does no damage.
The jackal bites you.
* * * LOW HITPOINT WARNING * * *
You hit the jackal.
The jackal is lightly wounded.
The jackal closely misses you. The jackal barely misses you.
The jackal bites you but does no damage.
The jackal closely misses you.
You closely miss the jackal.
Your tail-slap misses the jackal.
The jackal is lightly wounded.
The jackal barely misses you. The jackal bites you.
* * * LOW HITPOINT WARNING * * *
The jackal bites you but does no damage.
The jackal closely misses you.
You closely miss the jackal.
The jackal is almost dead.
The jackal closely misses you. x2; The jackal bites you.
* * * LOW HITPOINT WARNING * * *
The jackal bites you.
* * * LOW HITPOINT WARNING * * *
You hit the jackal.
You kill the jackal!
The jackal bites you.
You die...

#...#.............
#...#.....#.......
#...#.....#.......
#.................
#......††.......
#......#........
#......#........
#####.†.........#..h
#..@hK..........####
#..h#r..........# #
#...#####.....### #
###...## ##.#### #
#>##...# #.# #
#~.#...## #.#
#~.##...# #)#
#≈~.#...###.#
#≈~~##...#..#


You could see 2 jackals, a kobold and a rat.

Vanquished Creatures
  A ball python (D:1)
  An endoplasm (D:1)
  2 jackals (D:1)
  2 bats (D:1)
  A frilled lizard (D:1)
7 creatures vanquished.

Notes
Turn   | Place    | Note
-------+----------+-------------------------------------------
     0 | D:1      | Survivorfifteen the Draconian Wanderer began the quest for
                  | the Orb.
     0 | D:1      | Survivorfifteen set off with the following items: a +0
                  | club, a scroll of summoning, a scroll of teleportation; and
                  | the following spells available to memorise: Sandblast,
                  | Shock, Poisonous Vapours, Vhi's Electric Charge, Stone
                  | Arrow.
     0 | D:1      | Reached XP level 1. HP: 19/19 MP: 2/2
     5 | D:1      | Learned a level 1 spell: Sandblast
   117 | D:1      | Slain by a jackal

Illustrated notes

Levels and vault maps discovered:
D:1:      evilmike_arrival_crescent, layout_basic

Action                     || total
---------------------------++-------
  Melee: Club              ||    27
   Cast: Sandblast         ||     3
 Armour: Skin              ||    25
  Dodge: Dodged            ||    62
